 Dungeon Crawl Stone Soup version 0.31.0-32-g396128a36d (webtiles) character file.

Game seed: 18185161254598880007

677912 monsoonserge the Sifu (level 27, -5/224 HPs)
             Began as a Gnoll Shapeshifter on Apr 4, 2024.
             Was the Champion of Wu Jian.
             Killed from afar by a white draconian stormcaller (10 damage)
             ... with a blast of cold
             ... on level 5 of the Realm of Zot on Apr 5, 2024.
             The game lasted 06:40:06 (70780 turns).

monsoonserge the Sifu (Gnoll Shapeshifter)         Turns: 70780, Time: 06:40:07

Health: -5/224     AC: 41    Str: 23      XL:     27
Magic:  0/42       EV: 15    Int: 20 (23) God:    Wu Jian [******]
Gold:   9484       SH: 17    Dex: 13      Spells: 3/65 levels left

rFire   + + .        v - +9 war axe "Xamaluca" {flame, rF+ Int+6}
rCold   + . .        X - +2 kite shield
rNeg    + + +        B - +16 plate armour "Xoasakhlu" {Int+2 Stlth+}
rPois   +            o - +0 helmet {SInv}
rElec   +            s - scarf {rC+ rF+}
rCorr   +            h - +0 pair of fencer's gloves {Riposte Dex+3}
SInv    +            b - +1 pair of boots {rampage}
Will    ++...        A - amulet of Soesant {Spirit rPois rN+ Regen+}
Stlth   ++++         c - ring "Xokuut" {rN+++ rCorr Int-5 Dex-2 Slay+5}
HPRegen 1.37/turn    W - ring of Music {Fly rElec rN+ Int+6}
MPRegen 0.28/turn

%: random rage (3%), guardian spirit, rampage
@: lethally poisoned (-5 -> -8), on berserk cooldown, flying, studying 3 skills
A: fangs 1, strong nose, distributed training, talons 1, berserk 1, low MP 1,
inability to drink after injury 1
}: 5/15 runes: decaying, slimy, silver, abyssal, gossamer
a: Renounce Religion, Wall Jump, Serpent's Lash, Heavenly Storm


You were on level 5 of the Realm of Zot.
You worshipped Wu Jian.
Wu Jian was exalted by your worship.
You visited 14 branches of the dungeon, and saw 58 of its levels.
You visited the Abyss 2 times.
You also visited: Trove, Sewer, Ossuary and Gauntlet.

You collected 12555 gold pieces.
You spent 3071 gold pieces at shops.

Inventory:

Hand Weapons
 v - the +9 war axe "Xamaluca" (weapon) {flame, rF+ Int+6}
   (You found it on level 4 of the Lair of Beasts)

   Int+6:     It affects your intelligence (+6).
   rF+:       It protects you from fire.
Missiles
 a - 5 atropa-tipped darts
 f - 8 silver javelins
 l - 5 throwing nets
 x - 8 curare-tipped darts
 D - 23 boomerangs (quivered)
 O - 5 datura-tipped darts
 T - 18 javelins
Armour
 b - a +1 pair of boots of rampaging (worn)
 h - the +0 pair of fencer's gloves (worn) {Riposte Dex+3}
   (You found it on level 4 of the Spider Nest)

   Riposte:   It allows the wearer to riposte with melee weapons, swiftly
   retaliating against missed or blocked melee attacks.
   Dex+3:     It affects your dexterity (+3).
 o - a +0 helmet of see invisible (worn)
 s - a scarf of resistance (worn)
 B - the +16 plate armour "Xoasakhlu" (worn) {Int+2 Stlth+}
   (You bought it in a shop on level 8 of the Dungeon)

   Int+2:     It affects your intelligence (+2).
   Stlth+:    It makes you more stealthy.
 X - a +2 kite shield (worn)
Jewellery
 c - the ring "Xokuut" (left hand) {rN+++ rCorr Int-5 Dex-2 Slay+5}
   (You acquired it on level 8 of the Dungeon)

   [ring of resist corrosion]

   Int-5:     It affects your intelligence (-5).
   Dex-2:     It affects your dexterity (-2).
   Slay+5:    It affects your accuracy & damage with ranged weapons and melee
   (+5).
   rN+++:     It renders you almost immune to negative energy.
   rCorr:     It protects you from acid and corrosion.
 A - the amulet of Soesant (around neck) {Spirit rPois rN+ Regen+}
   (You found it in a Gauntlet)

   [amulet of guardian spirit]

   Spirit:    It causes incoming damage to be divided between your reserves of
   health and magic.
   rPois:     It protects you from poison rN+: It protects you from negative
   energy.
   Regen+:    It increases your rate of health regeneration.
 W - the ring of Music (right hand) {Fly rElec rN+ Int+6}
   (You acquired it on level 3 of the Depths)

   [ring of intelligence]

   Int+6:     It affects your intelligence (+6).
   rElec:     It insulates you from electricity.
   rN+:       It protects you from negative energy.
   Fly:       It grants you flight.
Talismans
 y - a dragon-blood talisman
 S - a granite talisman
 Y - a blade talisman
Wands
 e - a wand of mindburst (53)
 E - a wand of roots (33)
 G - a wand of polymorph (32)
 I - a wand of acid (25)
 L - a wand of paralysis (52)
 U - a wand of digging (25)
Scrolls
 i - 15 scrolls of teleportation
 j - 10 scrolls of blinking
 k - 6 scrolls of fear
 F - 9 scrolls of fog
 H - 2 scrolls of butterflies
 J - 6 scrolls of silence
 M - 12 scrolls of revelation
 N - 11 scrolls of immolation
Potions
 g - 29 potions of curing
 m - 2 potions of berserk rage
 n - 5 potions of cancellation
 p - 12 potions of heal wounds
 q - 6 potions of invisibility
 t - 9 potions of might
 w - 7 potions of ambrosia
 z - 15 potions of haste
 C - 9 potions of resistance
 Q - 8 potions of lignification
 V - 10 potions of mutation
 Z - 4 potions of magic
Miscellaneous
 d - a sack of spiders
 r - the horn of Geryon
 u - a tin of tremorstones (2/2)
 K - a phantom mirror
 P - a phial of floods
 R - a lightning rod (4/4)


   Skills:
 + Level 20.1 Fighting
 + Level 19.9 Short Blades
 + Level 19.9 Long Blades
 + Level 19.9 Axes
 + Level 19.9 Maces & Flails
 + Level 19.9 Polearms
 + Level 19.9 Staves
 + Level 20.2 Ranged Weapons
 + Level 19.9 Throwing
 + Level 19.9 Armour
 + Level 20.4 Dodging
 + Level 19.9 Stealth
 + Level 19.9 Shields
 + Level 20.8 Unarmed Combat
 + Level 19.9 Spellcasting
 + Level 17.0 Conjurations
 + Level 17.0 Hexes
 + Level 17.0 Summonings
 + Level 17.0 Necromancy
 + Level 17.3 Translocations
 + Level 17.0 Fire Magic
 + Level 17.0 Ice Magic
 + Level 19.8 Air Magic
 + Level 17.0 Earth Magic
 + Level 17.0 Alchemy
 + Level 21.5 Invocations
 + Level 19.9 Evocations
 + Level 19.4 Shapeshifting


You had 3 spell levels left.
You knew the following spells:

 Your Spells              Type           Power      Damage    Failure   Level
a - Blink                 Tloc           100%       N/A       1%          2
b - Fugue of the Fallen   Necr           73%        N/A       1%          3
c - Vhi's Electric Charg  Tloc/Air       100%       N/A       1%          4
d - Manifold Assault      Tloc           73%        N/A       1%          4
e - Summon Forest         Summ/Tloc      36%        N/A       1%          5
f - Yara's Violent Unrav  Hex/Alch       36%        3d15      1%          5
g - Borgnjor's Vile Clut  Necr/Erth      36%        N/A       1%          5
h - Dispersal             Tloc           36%        N/A       2%          6
i - Plasma Beam           Fire/Air       38%        2x1d51    1%          6
j - Death Channel         Necr           36%        N/A       2%          6
k - Mephitic Cloud        Conj/Alch/Air  75%        N/A       1%          3
l - Maxwell's Capacitive  Air            39%        ∞         34%         8
m - Freezing Cloud        Conj/Ice/Air   37%        6-21      1%          5

Your spell library contained the following spells:

 Spells                   Type           Power      Damage    Failure   Level
 Apportation              Tloc           100%       N/A       0%          1
 Mercury Vapours          Alch/Air       100%       N/A       0%          2
 Static Discharge         Conj/Air       100%       3-8/arc   0%          2
 Swiftness                Air            78%        N/A       0%          3
 Foxfire                  Conj/Fire      100%       2x1d9     1%          1
 Freeze                   Ice            100%       1d10      1%          1
 Kiss of Death            Conj/Necr      100%       2d13      1%          1
 Magic Dart               Conj           100%       1d8       1%          1
 Necrotise                Necr           100%       1d9       1%          1
 Sandblast                Erth           100%       2d20      1%          1
 Slow                     Hex            100%       N/A       1%          1
 Sting                    Conj/Alch      100%       1d9       1%          1
 Summon Small Mammal      Summ           100%       N/A       1%          1
 Call Imp                 Summ           100%       N/A       1%          2
 Cigotuvi's Dreadful Rot  Necr/Alch/Air  100%       N/A       1%          2
 Ensorcelled Hibernation  Hex/Ice        100%       N/A       1%          2
 Jinxbite                 Hex            100%       N/A       1%          2
 Scorch                   Fire           100%       2d9       1%          2
 Searing Ray              Conj           100%       2d8       1%          2
 Sublimation of Blood     Necr           73%        N/A       1%          2
 Call Canine Familiar     Summ           73%        N/A       1%          3
 Confusing Touch          Hex            73%        N/A       1%          3
 Frozen Ramparts          Ice            100%       1d16      1%          3
 Gell's Gravitas          Tloc           73%        N/A       1%          3
 Hailstorm                Conj/Ice       73%        3d13      1%          3
 Inner Flame              Hex/Fire       73%        N/A       1%          3
 Ozocubu's Armour         Ice            73%        N/A       1%          3
 Passwall                 Erth           73%        N/A       1%          3
 Sigil of Binding         Hex            73%        N/A       1%          3
 Stone Arrow              Conj/Erth      100%       3d13      1%          3
 Summon Ice Beast         Ice/Summ       73%        N/A       1%          3
 Teleport Other           Tloc           73%        N/A       1%          3
 Tukima's Dance           Hex            73%        N/A       1%          3
 Vampiric Draining        Necr           73%        2d11      1%          3
 Volatile Blastmotes      Fire/Tloc      100%       2d18      1%          3
 Airstrike                Air            39%        2d(6-22)  1%          4
 Anguish                  Hex/Necr       36%        N/A       1%          4
 Brom's Barrelling Bould  Conj/Erth      73%        2d9       1%          4
 Dimensional Bullseye     Hex/Tloc       36%        N/A       1%          4
 Dispel Undead            Necr           73%        3d24      1%          4
 Flame Wave               Conj/Fire      73%        2d16      1%          4
 Fulminant Prism          Conj/Alch      36%        3d18      1%          4
 Iskenderun's Mystic Bla  Conj/Tloc      73%        2d15      1%          4
 Leda's Liquefaction      Alch/Erth      36%        N/A       1%          4
 Martyr's Knell           Necr/Summ      73%        N/A       1%          4
 Olgreb's Toxic Radiance  Alch           73%        N/A       1%          4
 Passage of Golubria      Tloc           73%        N/A       1%          4
 Petrify                  Alch/Erth      73%        N/A       1%          4
 Summon Blazeheart Golem  Fire/Summ      73%        N/A       1%          4
 Summon Lightning Spire   Summ/Air       76%        N/A       1%          4
 Alistair's Intoxication  Alch           48%        N/A       1%          5
 Arcjolt                  Conj/Air       38%        1d48      1%          5
 Curse of Agony           Necr           73%        N/A       1%          5
 Fireball                 Conj/Fire      36%        3d15      1%          5
 Irradiate                Conj/Alch      36%        3d23      1%          5
 Iskenderun's Battlesphe  Conj           73%        2d12      1%          5
 Metabolic Englaciation   Hex/Ice        36%        N/A       1%          5
 Summon Mana Viper        Hex/Summ       73%        N/A       1%          5
 Conjure Ball Lightning   Conj/Air       38%        3x3d12    1%          6
 Bombard                  Conj/Erth      36%        9d6       2%          6
 Eringya's Noxious Bog    Alch           36%        4d6       2%          6
 Sculpt Simulacrum        Ice/Alch       36%        N/A       2%          6
 Starburst                Conj/Fire      36%        6d11      2%          6
 Summon Cactus Giant      Summ           36%        N/A       2%          6
 Enfeeble                 Hex            36%        N/A       14%         7
 Monstrous Menagerie      Summ           36%        N/A       14%         7
 Orb of Destruction       Conj           36%        9d11      14%         7
 Ozocubu's Refrigeration  Ice            36%        4d15      14%         7
 Spellforged Servitor     Conj/Summ      36%        N/A       14%         7
 Summon Hydra             Summ           36%        N/A       14%         7
 Disjunction              Tloc           36%        N/A       71%         8
 Ignition                 Fire           36%        3d11      75%         8
 Death's Door             Necr           36%        N/A       100%        9


Dungeon Overview and Level Annotations

Branches:
Dungeon (15/15)            Temple (1/1) D:4            Lair (5/5) D:10
  Swamp (4/4) Lair:3       Spider (4/4) Lair:2        Slime (5/5) Lair:5
    Orc (2/2) D:9             Elf (3/3) Orc:2        Vaults (5/5) D:13
  Crypt (3/3) Vaults:2       Tomb (1/3) Crypt:3      Depths (4/4) D:15
   Hell (visited)             Dis (0/7) Hell            Geh (0/7) Hell
    Coc (0/7) Hell            Tar (0/7) Hell            Zot (5/5) Depths:4
  Sewer (visited)         Ossuary (visited)         Gauntlet (visited)

Altars:
Ashenzari
Cheibriados
Dithmenos
Elyvilon
Fedhas
Gozag
Hepliaklqana
Kikubaaqudgha
Makhleb
Nemelex Xobeh
Okawaru
Qazlal
Ru
Sif Muna
Trog
Uskayaw
Vehumet
Wu Jian
Xom
Yredelemnul
Zin
The Shining One
Jiyva

Shops:
D:1 !   D:6 :(*   D:8 [   D:9 =   Orc:1 *(   Orc:2 =:((   Elf:1 :   Elf:2 =*[*
Elf:3 =   Vaults:1 [   Depths:2 ?   Depths:4 :=:

Portals:
Hell: Depths:1 Depths:2 Depths:3 Depths:4
Abyss: D:9 Depths:3
Pandemonium: Depths:2
Ziggurat: Depths:1


Innate Abilities, Weirdness & Mutations

You have very sharp teeth.
Your uncanny sense of smell can sniff out nearby items.
Your experience applies equally to all skills.
You have sharp toenails.
You sometimes lose your temper in combat.
Your magical capacity is low. (-10% MP)
You occasionally lose the ability to drink potions when taking damage.


Message History

An Orb Guardian, a Killer Klown and 7 draconians come into view.
The Killer Klown is wielding a +9 heavy club.
A red draconian is wielding a +1 flail of protection.
An Orb Guardian comes into view.
The red draconian scorcher breathes fire at you.
The searing blast hits you! You resist.
* * * LOW HITPOINT WARNING * * *
The purple draconian shifter breathes dispelling energy at you.
The bolt of dispelling energy hits you!
You feel strangely stable.
Your magical effects are unravelling.
* * * LOW HITPOINT WARNING * * *
The Orb Guardian moves out of view.
Unknown command.
You feel much better.
You are engulfed in blazing flames.
You resist.
* * * LOW HITPOINT WARNING * * *
You feel yourself speed up.
Your unholy channel expires.
The red draconian roars!
The red draconian scorcher casts a spell at you.
The bolt of fire hits you. You resist.
* * * LOW HITPOINT WARNING * * *
The yellow draconian annihilator points at you and mumbles some strange words.
The poison arrow hits you.
You are poisoned.
You partially resist.
* * * LOW HITPOINT WARNING * * *
The purple draconian shifter gestures at you while chanting.
The red draconian scorcher blinks!
The purple draconian shifter blinks!
The purple draconian blinks!
The yellow draconian annihilator blinks!
The red draconian blinks!
Blink to where?
Press: ? - help, Dir - move target
As you read the scroll of blinking, it crumbles to dust.
You feel very sick.
The red draconian scorcher casts a spell at you.
The bolt of fire hits you! You resist.
* * * LOW HITPOINT WARNING * * *
The white draconian stormcaller breathes frost at you.
The blast of cold hits you! You resist.
You die...

#.#
##.....#..........).)###
#.##
##^...##......≈........
#..##
###...##........##.###
##..# ##...#######..#..#
##.####
##..........##.##
#....######......##...#
####................###
###############▓▓▓ ####
...^...@......## ....
.............D.## #...
.............q.d## #...
∆ ............dqq..#
##.. .............XL..#
#.. .....^...^..qp...#
#.. .............X§§.#
#... ......§......q.^.#
#... .§§.......# ..


You could see a Killer Klown, a dread lich, a storm dragon, a purple draconian,
2 draconians, a white draconian stormcaller (catching breath), 2 Orb Guardians,
a yellow draconian annihilator and a red draconian scorcher.

Vanquished Creatures
  the Royal Jelly (Slime:5)
  3 dread liches
  3 orbs of fire (Zot:5)
  Frederick (Vaults:5)
  5 ancient liches
  Mara (Swamp:3)
  A juggernaut (Depths:3)
  The ghost of Toelubet the Slayer, a veteran CeHu of Okawaru (Zot:2)
  3 Killer Klowns
  Bai Suzhen (Crypt:1)
  the Lernaean hydra (Swamp:4)
  A curse toe (Crypt:3)
  Saint Roka (Elf:2)
  3 caustic shrikes (Depths:3)
  Nikola (Spider:2)
  4 golden dragons
  Arachne (Spider:4)
  2 doom hounds (Zot:2)
  2 Tzitzimimeh (Zot:2)
  19 tentacled monstrosities
  10 liches
  A walking crystal tome (Depths:3)
  Mlioglotl (Spider:2)
  8 Orb Guardians (Zot:5)
  Grunn (Zot:2)
  Asterion (Vaults:1)
  7 quicksilver dragons
  2 deep elf blademasters (Elf:3)
  2 walking frostbound tomes (Depths:3)
  19 acid blobs
  3 titans
  6 sphinxes
  A deep elf master archer (Elf:3)
  14 ancient champions
  4 death cobs
  3 tentacled starspawn (Abyss:3)
  Frances (Swamp:2)
  5 tengu reavers
  Donald (Elf:2)
  12 shadow dragons
  2 thorn hunters
  19 storm dragons
  A revenant (Vaults:2)
  2 fenstrider witches
  A nagaraja (Abyss:3)
  8 rockslimes
  Aizul (Spider:1)
  Roxanne (Elf:2)
  A draconian knight (Zot:4)
  5 emperor scorpions
  6 fire giants
  4 draconian monks
  3 iron dragons
  4 protean progenitors
  6 draconian shifters
  8 frost giants
  11 azure jellies
  4 deep elf sorcerers (Elf:3)
  16 vault wardens
  7 ghost moths
  2 balrugs
  A curse skull (Crypt:2)
  2 draconian scorchers
  The ghost of Logoto the Severer, a journeyman HOBe of Trog (Lair:4)
  14 ghouls
  2 draconian stormcallers
  14 ironbound preservers
  5 broodmothers
  A spriggan defender (Depths:3)
  An orc warlord (Vaults:3)
  A rockslime zombie (Crypt:3)
  5 reapers
  4 caustic shrike skeletons (Crypt:3)
  3 juggernaut skeletons
  25 very ugly things
  5 draconian annihilators
  5 formless jellyfish
  15 stone giants
  9 green draconians
  14 quicksilver oozes
  9 ironbound thunderhulks
  10 white draconians
  4 deep elf death magi
  6 deep elf demonologists
  11 red draconians
  5 vampire knights (Depths:2)
  5 bunyips
  6 black draconians
  7 eleionomae
  5 yellow draconians
  9 spark wasps
  3 putrid mouths
  7 purple draconians
  A minotaur (Gauntlet)
  4 deep elf annihilators
  6 dire elephants
  3 eidola
  2 iron golems
  2 mummy priests
  13 ettins
  17 jiangshi
  14 fire dragons
  2 spriggan zombies (Tomb:1)
  2 crystal guardians
  5 deep elf high priests
  5 entropy weavers
  7 ice dragons
  8 great orbs of eyes
  Harold (Orc:1)
  19 hydras
  A salamander tyrant (Depths:1)
  7 yaktaur captains
  3 ghost crabs
  3 rakshasas
  29 vault guards
  4 spriggan air magi
  2 jorogumos
  2 hell beasts
  2 peacekeepers
  The ghost of mainiacjoe the Summoner, a journeyman OpSu of Kikubaaqudgha (D:10)
  8 ironbound frosthearts
  Erica (D:8)
  4 death knights
  2 catoblepae (Lair:4)
  5 radroaches
  4 ogre magi
  16 two-headed ogres
  5 boulder beetles
  6 tengu warriors
  10 spriggan skeletons
  15 alligators
  The ghost of PaiMei the Lord of Darkness, a novice DsNe of Kikubaaqudgha (D:9)
  A satyr (Abyss:3)
  11 centaur warriors
  An orc high priest (Elf:3)
  33 dancing weapons
  14 death scarabs
  2 deep troll shamans (Depths:3)
  7 deep troll earth magi
  The ghost of Eolas the Destroyer, a journeyman DECj of Sif Muna (Orc:2)
  15 demonic crawlers
  Urug (D:10)
  A titan zombie (Hell)
  2 shock serpents (shapeshifter) (Vaults:5)
  4 hell hogs
  12 vampire magi
  An occultist (Depths:2)
  An azure jelly zombie (Crypt:3)
  2 wretched stars (Abyss:3)
  8 spriggan berserkers
  7 thrashing horrors (Abyss:3)
  21 hell knights
  4 sun demons
  15 deep elf knights
  7 soul eaters
  A crystal echidna (Depths:4)
  6 iron trolls
  4 titan skeletons
  9 pharaoh ants
  2 skysharks
  4 goliath frogs
  2 orb spiders (Spider:4)
  A sixfirhy (Abyss:3)
  A shadow wraith (Crypt:2)
  2 spriggan druids
  35 skeletal warriors
  13 swamp dragons
  An iron giant skeleton (Crypt:3)
  12 glowing orange brains
  9 deep elf archers
  17 flayed ghosts
  2 bunyip skeletons
  2 swamp dragons (shapeshifter)
  A golden dragon skeleton (Depths:1)
  10 arcanists
  An orange crystal statue (Hell)
  37 deep trolls
  4 sun moths
  A spectral jorogumo (Spider:4)
  7 steelbarb worms
  A quicksilver dragon simulacrum (Depths:1)
  5 harpies (Vaults:5)
  An orc knight (Orc:2)
  A glowing orange brain (shapeshifter) (Vaults:5)
  17 ironbound convokers
  A steelbarb worm (shapeshifter) (Vaults:1)
  4 lindwurms
  15 bog bodies
  16 phantasmal warriors
  A goliath frog zombie (Crypt:3)
  An alligator zombie (Hell)
  32 deep elf pyromancers
  3 anaconda skeletons
  16 necromancers
  An orc sorcerer (Orc:1)
  24 deep elf zephyrmancers
  5 large abominations
  3 will-o-the-wisps
  25 wolf spiders
  5 manticores
  6 shining eyes
  44 ugly things
  A worldbinder (Abyss:3)
  A shadow dragon skeleton (Depths:1)
  2 tengu skeletons
  A salamander (Abyss:3)
  2 iron dragon skeletons (Depths:1)
  A cyclops (shapeshifter) (Vaults:5)
  A jorogumo skeleton (Crypt:1)
  5 cyclopes
  11 meliai
  30 moths of wrath
  An alligator skeleton (Crypt:2)
  5 black mambas
  2 toenail golems (D:9)
  3 frost giant skeletons (Depths:1)
  3 fire giant skeletons (Depths:1)
  A naga mage (Abyss:3)
  5 smoke demons
  2 apocalypse crabs (Abyss:3)
  A black mamba (shapeshifter) (D:13)
  5 kobold blastminers (Orc:2)
  4 guardian serpents (Abyss:3)
  16 vault sentinels
  3 elephants (Lair:3)
  A mana viper zombie (Crypt:3)
  3 molten gargoyles (Hell)
  An ice statue (Hell)
  A water nymph (shapeshifter) (Elf:3)
  5 eyes of devastation
  2 dire elephant zombies
  2 gargoyles
  13 cane toads
  9 torpor snails
  3 centaur skeletons (Crypt:3)
  A naga skeleton (Crypt:3)
  17 yaktaurs
  An efreet (D:10)
  2 sea snake zombies (Hell)
  2 spectral redbacks (Spider:4)
  A minotaur zombie (Crypt:3)
  3 rime drakes (Lair:5)
  A redback zombie (Spider:4)
  3 tengu conjurers
  8 komodo dragons
  A dire elephant skeleton (Crypt:3)
  8 freezing wraiths
  An alligator snapping turtle skeleton (Crypt:3)
  8 guardian mummies
  A red devil (Hell)
  4 hydra zombies (Hell)
  2 merfolk (shapeshifter)
  3 ancient zymes (Abyss:3)
  4 polar bears
  11 trolls
  A bloated husk (Swamp:1)
  A shadow dragon simulacrum (Crypt:3)
  A hydra skeleton (Crypt:3)
  2 harpy skeletons (Crypt:3)
  3 spectral jumping spiders (Spider:4)
  8 tyrant leeches
  16 tarantellas
  19 hornets
  A culicivora zombie (Crypt:3)
  Prince Ribbit (Lair:3)
  Grinder (D:3)
  5 spectral tarantellas (Spider:4)
  17 blink frogs
  A spectral culicivora (Spider:4)
  A snapping turtle (shapeshifter) (Elf:3)
  2 jumping spider zombies (Spider:4)
  2 tarantella zombies (Spider:4)
  6 glass eyes
  A satyr zombie (Crypt:3)
  19 jumping spiders
  A guardian serpent skeleton (Crypt:1)
  27 spriggans
  A ynoxinul (Abyss:3)
  6 air elementals
  3 wyverns
  8 water elementals
  104 slime creatures
  A shadow (D:11)
  14 culicivoras
  2 ettin skeletons (Depths:1)
  5 wraiths
  44 yaks
  2 vampires
  2 fire bats (Gauntlet)
  A fire elemental (Elf:1)
  2 basilisks
  11 starcursed masses (Abyss:3)
  4 wargs
  A neqoxec (Abyss:3)
  A black mamba skeleton (Crypt:3)
  3 golden eyes
  60 redbacks
  2 steam dragons
  A demonspawn zombie (Crypt:3)
  29 vampire mosquitoes
  3 nagas (Abyss:3)
  A skyshark zombie (Crypt:3)
  14 swamp worms
  9 hell hounds
  19 water moccasins
  3 acid dragons
  A hydra simulacrum (Hell)
  2 glowing shapeshifter skeletons (Depths:1)
  2 demonspawn skeletons
  A swamp worm (shapeshifter) (D:13)
  5 sky beasts
  A deep troll skeleton (Crypt:2)
  A water nymph skeleton (Crypt:2)
  23 orc warriors
  8 swamp drakes
  3 ice beasts
  A black bear (shapeshifter) (D:13)
  20 laughing skulls
  7 black bears
  36 wolves
  28 ogres
  11 boggarts
  7 centaurs
  A phantom (D:4)
  4 kobold brigands
  2 brain worms (Abyss:3)
  A wyvern zombie (Crypt:1)
  13 bullfrogs
  4 small abominations
  7 necrophages
  A two-headed ogre simulacrum (Crypt:2)
  3 earth elementals
  A scorpion (D:10)
  30 wights
  11 killer bees
  2 bombardier beetles
  2 electric eels (Lair:1)
  7 howler monkeys
  A quasit (Abyss:3)
  A basilisk zombie (Crypt:2)
  5 hounds
  A jelly (D:6)
  5 centaur zombies
  17 orc priests
  2 gnoll boudas
  3 sleepcaps
  2 iguanas (D:5)
  14 orc wizards
  2 boggart skeletons
  2 tengu zombies
  4 crocodile zombies (Ossuary)
  4 mummies
  Robin (D:2)
  5 adders
  10 gnolls
  4 river rats (Sewer)
  2 shadow imps
  2 white imps
  2 lava snake zombies
  5 ribbon worms
  5 dart slugs
  61 orcs
  A bat zombie (Crypt:2)
  14 endoplasms
  6 giant cockroaches
  14 goblins
  10 hobgoblins
  4 jackals
  4 quokkas
  15 ball pythons
  10 bats
  11 frilled lizards
  A gnoll zombie (Ossuary)
  A goblin skeleton (D:6)
  2 goblin zombies (D:6)
  3 hobgoblin zombies (D:6)
  29 kobolds
  3 kobold zombies
  An orc skeleton (D:6)
  A quokka skeleton (Crypt:2)
  8 rats
  2 lurking horrors (Abyss:3)
  A spectral weapon (Crypt:1)
2574 creatures vanquished.

Vanquished Creatures (collateral kills)
  2 ancient liches (Vaults:5)
  Geryon (Hell)
  A caustic shrike (Depths:3)
  A golden dragon (Vaults:5)
  3 tentacled monstrosities
  A walking frostbound tome (Depths:1)
  2 titans (Vaults:5)
  2 storm dragons (Zot:5)
  A fire giant (Vaults:5)
  A vault warden (Vaults:5)
  A ghost moth (Zot:4)
  3 reapers
  An ironbound preserver (Vaults:5)
  A black draconian (Zot:5)
  A bunyip (Swamp:3)
  A deep elf annihilator (Vaults:5)
  A red draconian (Zot:4)
  3 ettins
  A deep elf high priest (Vaults:5)
  A great orb of eyes (Slime:1)
  3 vault guards (Vaults:5)
  An alligator (Zot:4)
  A dancing weapon (Elf:2)
  A soul eater (Hell)
  3 hell knights
  An iron troll (Depths:4)
  2 shadow wraiths
  A phantasmal warrior (Vaults:5)
  A smoke demon (Hell)
  A yaktaur (Vaults:5)
  3 slime creatures (Slime:1)
  A culicivora (shapeshifter) (Vaults:5)
  A water elemental (Hell)
  3 orc warriors (Elf:2)
  A wight (Crypt:3)
  An orc priest (Elf:2)
  4 orcs (Elf:2)
58 creatures vanquished.

Vanquished Creatures (others)
  A ghost moth (Spider:4)
  A red draconian (Zot:4)
  A vault guard (Vaults:5)
  An alligator (Swamp:3)
  A will-o-the-wisp (Swamp:4)
  2 bloated husks (Swamp:4)
  A hornet (Swamp:3)
  A swamp worm (Swamp:4)
  A swamp drake (Swamp:4)
  An adder (D:6)
  A white imp (D:6)
  An orc (D:6)
  22 foxfires
  9 snaplasher vines
  6 starspawn tentacles
50 creatures vanquished.

Grand Total: 2682 creatures vanquished

Notes
Turn   | Place    | Note
-------+----------+-------------------------------------------
     0 | D:1      | monsoonserge the Gnoll Shapeshifter began the quest for the
                  | Orb.
     0 | D:1      | Reached XP level 1. HP: 17/17 MP: 1/1
   103 | D:1      | Reached XP level 2. HP: 23/23 MP: 2/2
   208 | D:1      | Found Rugremimn's Distillery.
   548 | D:1      | Reached XP level 3. HP: 27/28 MP: 3/3
   653 | D:2      | Found an ornate altar of the Wu Jian Council.
   669 | D:2      | Became a worshipper of the Wu Jian Council
   776 | D:2      | Reached skill level 1 in Invocations
  1025 | D:2      | Noticed Robin
  1040 | D:1      | Reached skill level 1 in Short Blades
  1040 | D:1      | Reached skill level 1 in Long Blades
  1040 | D:1      | Reached skill level 1 in Axes
  1040 | D:1      | Reached skill level 1 in Maces & Flails
  1040 | D:1      | Reached skill level 1 in Polearms
  1040 | D:1      | Reached skill level 1 in Staves
  1040 | D:1      | Reached skill level 1 in Ranged Weapons
  1040 | D:1      | Reached skill level 1 in Throwing
  1040 | D:1      | Reached skill level 1 in Armour
  1040 | D:1      | Reached skill level 1 in Stealth
  1040 | D:1      | Reached skill level 1 in Shields
  1040 | D:1      | Reached skill level 1 in Spellcasting
  1040 | D:1      | Reached skill level 1 in Evocations
  1053 | D:1      | Bought a potion of curing for 39 gold pieces
  1237 | D:2      | Reached * piety under Wu Jian
  1243 | D:2      | HP: 1/26 [Robin/+2 spectral club (1)]
  1244 | D:2      | Killed Robin
  1245 | D:2      | Reached XP level 4. HP: 1/34 MP: 5/5
  1735 | D:1      | Bought a potion of invisibility for 104 gold pieces
  1768 | D:3      | Reached skill level 1 in Conjurations
  1768 | D:3      | Reached skill level 1 in Hexes
  1768 | D:3      | Reached skill level 1 in Summonings
  1768 | D:3      | Reached skill level 1 in Necromancy
  1768 | D:3      | Reached skill level 1 in Translocations
  1768 | D:3      | Reached skill level 1 in Fire Magic
  1768 | D:3      | Reached skill level 1 in Ice Magic
  1768 | D:3      | Reached skill level 1 in Air Magic
  1768 | D:3      | Reached skill level 1 in Earth Magic
  1768 | D:3      | Reached skill level 1 in Alchemy
  2036 | D:3      | Noticed Grinder
  2041 | D:3      | Paralysed by Grinder for 2 turns
  2051 | D:3      | Killed Grinder
  2052 | D:3      | Reached skill level 5 in Dodging
  2052 | D:3      | Reached skill level 2 in Invocations
  2052 | D:3      | Reached XP level 5. HP: 37/41 MP: 5/8
  2052 | D:3      | Reached XP level 6. HP: 42/47 MP: 5/9
  2707 | D:4      | Reached ** piety under Wu Jian
  2717 | D:4      | Found a staircase to the Ecumenical Temple.
  2726 | Temple   | Entered the Ecumenical Temple
  2763 | D:4      | Found a glowing drain.
  2767 | Sewer    | Entered a sewer
  3231 | Sewer    | Reached XP level 7. HP: 51/52 MP: 10/10
  3480 | D:4      | Reached *** piety under Wu Jian
  3519 | D:4      | Found a basalt altar of Yredelemnul.
  4025 | D:5      | Entered Level 5 of the Dungeon
  4091 | D:5      | Found a snail-covered altar of Cheibriados.
  4125 | D:5      | Reached skill level 3 in Invocations
  4420 | D:5      | Reached XP level 8. HP: 46/60 MP: 12/12
  5216 | D:6      | Found Movaip's Book Emporium.
  5241 | D:6      | Reached **** piety under Wu Jian
  5305 | D:6      | Reached skill level 4 in Invocations
  5363 | D:6      | Found a glowing golden altar of the Shining One.
  5477 | D:6      | Reached XP level 9. HP: 59/67 MP: 13/15
  5572 | D:6      | Found a sand-covered staircase.
  5580 | Ossuary  | Entered an ossuary
  5928 | D:1      | Bought a potion of mutation for 104 gold pieces
  6075 | D:6      | Reached skill level 5 in Fighting
  6126 | D:6      | Found a white marble altar of Elyvilon.
  6272 | D:6      | Found Dikirism's Weapon Shoppe.
  6278 | D:6      | Found Irobroti's General Store.
  6288 | D:6      | Bought a scroll of noise for 15 gold pieces
  6777 | D:7      | Reached skill level 5 in Invocations
  6800 | D:7      | Found an ancient bone altar of Kikubaaqudgha.
  6832 | D:7      | Found a stormy altar of Qazlal.
  6834 | D:7      | Noticed a meliai
  6837 | D:7      | Found a transporter.
  7077 | D:7      | Found a transporter.
  7299 | D:8      | Noticed Erica
  7313 | D:8      | Killed Erica
  7314 | D:8      | Reached skill level 5 in Short Blades
  7314 | D:8      | Reached skill level 5 in Long Blades
  7314 | D:8      | Reached skill level 5 in Axes
  7314 | D:8      | Reached skill level 5 in Maces & Flails
  7314 | D:8      | Reached skill level 5 in Polearms
  7314 | D:8      | Reached skill level 5 in Staves
  7314 | D:8      | Reached skill level 5 in Ranged Weapons
  7314 | D:8      | Reached skill level 5 in Throwing
  7314 | D:8      | Reached skill level 5 in Armour
  7314 | D:8      | Reached skill level 5 in Stealth
  7314 | D:8      | Reached skill level 5 in Shields
  7314 | D:8      | Reached skill level 5 in Spellcasting
  7314 | D:8      | Reached skill level 5 in Evocations
  7314 | D:8      | Reached XP level 10. HP: 54/76 MP: 17/17
  7469 | D:8      | Found Osianyl's Armour Shoppe.
  7513 | D:8      | Reached ***** piety under Wu Jian
  7747 | D:8      | Identified a scroll of acquirement
  7748 | D:8      | Acquired the ring "Xokuut" {rN+++ rCorr Int-5 Dex-2 Slay+5}
  7796 | D:8      | Found a hide-covered altar of Uskayaw.
  7931 | D:8      | Reached skill level 6 in Invocations
  8104 | D:8      | Found a radiant altar of Vehumet.
  8305 | D:8      | Found a burning altar of Makhleb.
  8528 | D:9      | Found a transporter.
  8535 | D:9      | Found a one-way gate to the infinite horrors of the Abyss.
  8535 | D:9      | Noticed a toenail golem
  8535 | D:9      | Noticed PaiMei's ghost (novice DsNe)
  8536 | D:9      | Noticed a toenail golem
  8544 | D:9      | Noticed a large abomination
  8545 | D:9      | Found a transporter.
  8545 | D:9      | Noticed a skeletal warrior
  8546 | D:9      | Noticed a glowing orange brain
  8559 | D:9      | Noticed a rakshasa
  8918 | D:9      | Found Gucliv's Jewellery Emporium.
  8967 | D:9      | Found a staircase to the Orcish Mines.
  9306 | D:9      | Noticed a red ugly thing
  9937 | D:10     | Entered Level 10 of the Dungeon
  9940 | D:10     | Noticed Urug
 10045 | D:10     | Killed Urug
 10046 | D:10     | Reached skill level 5 in Conjurations
 10046 | D:10     | Reached skill level 5 in Hexes
 10046 | D:10     | Reached skill level 5 in Summonings
 10046 | D:10     | Reached skill level 5 in Necromancy
 10046 | D:10     | Reached skill level 5 in Translocations
 10046 | D:10     | Reached skill level 5 in Fire Magic
 10046 | D:10     | Reached skill level 5 in Ice Magic
 10046 | D:10     | Reached skill level 5 in Air Magic
 10046 | D:10     | Reached skill level 5 in Earth Magic
 10046 | D:10     | Reached skill level 5 in Alchemy
 10046 | D:10     | Reached XP level 11. HP: 37/83 MP: 20/20
 10188 | D:10     | Noticed a two-headed ogre
 10198 | D:10     | Killed a two-headed ogre
 10435 | D:10     | Reached skill level 7 in Invocations
 10449 | D:10     | Found a staircase to the Lair.
 10466 | D:10     | Found a sparkling altar of Nemelex Xobeh.
 10729 | D:10     | Reached skill level 10 in Unarmed Combat
 10729 | D:10     | Reached skill level 8 in Invocations
 10729 | D:10     | Reached XP level 12. HP: 84/92 MP: 21/23
 10759 | D:10     | Found a transporter.
 10762 | D:10     | Noticed mainiacjoe's ghost (journeyman OpSu)
 10833 | D:10     | Found a transporter.
 11188 | D:11     | Noticed a two-headed ogre
 11196 | D:11     | Killed a two-headed ogre
 11567 | D:11     | Noticed a vault guard
 11585 | D:11     | Killed a vault guard
 11723 | D:11     | Found a portal to a secret trove of treasure.
 12321 | D:12     | You fall into a shaft and drop 3 floors!
 12321 | D:15     | Entered Level 15 of the Dungeon
 12384 | D:13     | Reached XP level 13. HP: 32/99 MP: 24/24
 13073 | D:12     | Reached skill level 10 in Shapeshifting
 13164 | D:12     | Reached skill level 9 in Invocations
 14152 | Lair:1   | Entered Level 1 of the Lair of Beasts
 14978 | Lair:1   | Identified the +0 robe of Negation {rElec SInv Archmagi}
 15961 | Lair:2   | Found a gate leading to a gauntlet.
 15986 | Lair:2   | Reached skill level 10 in Dodging
 16009 | Gauntlet | Entered a Gauntlet
 16009 | Gauntlet | Found a transporter.
 16024 | Gauntlet | Noticed a cacodemon
 16228 | Gauntlet | Found a transporter.
 16243 | Gauntlet | Found a transporter.
 16245 | Gauntlet | Found a transporter.
 16288 | Gauntlet | Found a transporter.
 16289 | Gauntlet | Found a transporter.
 16293 | Gauntlet | Found a transporter.
 16294 | Gauntlet | Found a transporter.
 16296 | Gauntlet | Found a transporter.
 16298 | Gauntlet | Found a runed translucent door.
 16299 | Gauntlet | Found a runed translucent door.
 16353 | Gauntlet | Found a transporter.
 16373 | Gauntlet | Found a transporter.
 16397 | Gauntlet | Found a transporter.
 16828 | Gauntlet | Identified the amulet of Soesant {Spirit rPois rN+ Regen+}
 16941 | Gauntlet | Noticed a minotaur
 16943 | Gauntlet | Found the crystal ball of Wucad Mu {*channel}
 16963 | Gauntlet | Killed a minotaur
 17026 | Gauntlet | Identified the +0 robe of Past Mistakes {Str+3}
 17167 | Lair:2   | Reached XP level 14. HP: 108/108 MP: 27/27
 17342 | Lair:2   | Found a hole to the Spider Nest.
 17912 | Spider:1 | Entered Level 1 of the Spider Nest
 17942 | Lair:3   | Reached skill level 10 in Invocations
 18548 | Lair:3   | Noticed Prince Ribbit
 18560 | Lair:3   | Killed Prince Ribbit
 18561 | Lair:3   | Reached ****** piety under Wu Jian
 18781 | Lair:3   | Found a staircase to the Swamp.
 19103 | Lair:4   | Found a runed translucent door.
 19103 | Lair:4   | Found a shimmering altar of Xom.
 19103 | Lair:4   | Noticed Logoto's ghost (journeyman HOBe)
 19445 | Lair:4   | Identified the +9 war axe "Xamaluca" {flame, rF+ Int+6}
 19935 | Lair:5   | Entered Level 5 of the Lair of Beasts
 19947 | Lair:5   | Reached skill level 10 in Fighting
 20137 | Lair:5   | Found a viscous altar of Jiyva.
 20137 | Lair:5   | Found a staircase to the Slime Pits.
 20724 | Lair:5   | Identified the ring "Kussut" {Fly rElec rF- rN+++ Str-4}
 20792 | Lair:5   | Reached skill level 10 in Short Blades
 20792 | Lair:5   | Reached skill level 10 in Long Blades
 20792 | Lair:5   | Reached skill level 10 in Axes
 20792 | Lair:5   | Reached skill level 10 in Maces & Flails
 20792 | Lair:5   | Reached skill level 10 in Polearms
 20792 | Lair:5   | Reached skill level 10 in Staves
 20792 | Lair:5   | Reached skill level 10 in Ranged Weapons
 20792 | Lair:5   | Reached skill level 10 in Throwing
 20792 | Lair:5   | Reached skill level 10 in Armour
 20792 | Lair:5   | Reached skill level 10 in Stealth
 20792 | Lair:5   | Reached skill level 10 in Shields
 20792 | Lair:5   | Reached skill level 10 in Spellcasting
 20792 | Lair:5   | Reached skill level 10 in Evocations
 20798 | Lair:5   | Reached XP level 15. HP: 112/116 MP: 25/29
 21014 | Lair:5   | Reached skill level 11 in Invocations
 21423 | Orc:1    | Entered Level 1 of the Orcish Mines
 21440 | Orc:1    | Found Bakkaidgh's Antique Weapon Emporium.
 21555 | Orc:1    | Found Caecey Teom's Mayhem Merchandise.
 21574 | Orc:1    | Noticed Harold
 21586 | Orc:1    | Killed Harold
 21617 | Orc:1    | Found an iron altar of Okawaru.
 21785 | Orc:2    | Entered Level 2 of the Orcish Mines
 21796 | Orc:2    | Noticed Eolas's ghost (journeyman DECj)
 21942 | Orc:2    | Found Celuq's Book Boutique.
 21950 | Orc:2    | Found Ajifeer's Weapon Shoppe.
 21996 | Orc:2    | Paralysed by an ogre mage for 2 turns
 22033 | Orc:2    | Found Hienotos's Jewellery Shop.
 22034 | Orc:2    | Found Patueth's Weapon Boutique.
 22072 | Orc:2    | Found a staircase to the Elven Halls.
 22152 | Orc:2    | Found a transporter.
 22177 | Orc:2    | Found a transporter.
 22542 | D:8      | Bought the +16 plate armour "Xoasakhlu" {Int+2 Stlth+} for
                  | 1340 gold pieces
 22776 | D:13     | Found a gate to the Vaults.
 23826 | D:15     | Reached XP level 16. HP: 61/125 MP: 12/30
 23967 | D:15     | Found a hazy altar of Hepliaklqana.
 24151 | D:15     | Found a staircase to the Depths.
 24730 | D:10     | Reached skill level 12 in Invocations
 24739 | D:10     | Killed mainiacjoe's ghost
 24959 | Orc:2    | Killed Eolas's ghost
 25137 | Lair:4   | Killed Logoto's ghost
 25311 | Spider:1 | Identified the serpent talisman of the Eternal Void {rElec
                  | rN+ Dex-2}
 25311 | Spider:1 | Noticed Aizul
 25322 | Spider:1 | Killed Aizul
 25632 | Spider:1 | You fall into a shaft and drop 1 floor!
 25632 | Spider:2 | Noticed Nikola
 26752 | Swamp:1  | Entered Level 1 of the Swamp
 26821 | Swamp:1  | You fall into a shaft and drop 1 floor!
 27193 | Swamp:1  | Reached XP level 17. HP: 128/133 MP: 29/32
 27446 | Swamp:2  | Noticed Frances
 27475 | Swamp:2  | Gained mutation: You occasionally lose the ability to read
                  | scrolls when taking damage. [a neqoxec]
 27504 | Swamp:2  | Reached skill level 10 in Conjurations
 27504 | Swamp:2  | Reached skill level 10 in Hexes
 27504 | Swamp:2  | Reached skill level 10 in Summonings
 27504 | Swamp:2  | Reached skill level 10 in Necromancy
 27504 | Swamp:2  | Reached skill level 10 in Translocations
 27504 | Swamp:2  | Reached skill level 10 in Fire Magic
 27504 | Swamp:2  | Reached skill level 10 in Ice Magic
 27504 | Swamp:2  | Reached skill level 10 in Air Magic
 27504 | Swamp:2  | Reached skill level 10 in Earth Magic
 27504 | Swamp:2  | Reached skill level 10 in Alchemy
 27637 | Swamp:2  | Killed Frances
 28074 | Swamp:3  | Reached skill level 13 in Invocations
 28678 | Swamp:4  | Entered Level 4 of the Swamp
 28798 | Swamp:4  | Noticed Mara
 28802 | Swamp:4  | Noticed monsoonserge's illusion
 29045 | Spider:2 | Killed Nikola
 29378 | Spider:2 | Noticed Mlioglotl
 29386 | Spider:2 | Noticed a tentacled starspawn
 29393 | Spider:2 | Killed Mlioglotl
 29795 | Spider:3 | Reached XP level 18. HP: 131/142 MP: 27/34
 29839 | Spider:3 | Learned a level 2 spell: Blink
 31014 | Spider:4 | Entered Level 4 of the Spider Nest
 31175 | Spider:4 | Learned a level 3 spell: Fugue of the Fallen
 31820 | Spider:4 | Reached skill level 14 in Invocations
 32193 | Spider:4 | Noticed Arachne
 32216 | Spider:4 | Killed Arachne
 33077 | Spider:4 | Reached XP level 19. HP: 121/150 MP: 27/36
 33109 | Spider:4 | Found the +0 pair of fencer's gloves {Riposte Dex+3}
 33127 | Spider:4 | Got a gossamer rune of Zot
 33506 | Swamp:3  | Noticed monsoonserge's illusion
 33512 | Swamp:3  | Killed Mara
 33871 | Swamp:4  | Noticed the 27-headed Lernaean hydra
 33878 | Swamp:4  | Killed the 23-headed Lernaean hydra
 34192 | Swamp:4  | Got a decaying rune of Zot
 34501 | Vaults:1 | Entered Level 1 of the Vaults
 34660 | Vaults:1 | Noticed Asterion
 34666 | Vaults:1 | Killed Asterion
 34733 | Vaults:1 | Reached skill level 15 in Unarmed Combat
 35113 | Vaults:1 | Reached skill level 15 in Invocations
 35329 | Vaults:1 | Got the Quarto of Mutated Kindling
 35459 | Vaults:1 | Reached XP level 20. HP: 159/159 MP: 37/37
 35526 | Vaults:1 | Found Zavvoz's Antique Armour Boutique.
 35826 | Vaults:2 | Found a staircase to the Crypt.
 36138 | Vaults:2 | Learned a level 4 spell: Vhi's Electric Charge
 36143 | Vaults:2 | Learned a level 4 spell: Manifold Assault
 37446 | Vaults:3 | Identified the +4 scale mail of Beauty {rPois Regen+ Str+5
                  | SInv}
 37706 | Vaults:3 | Reached skill level 15 in Dodging
 39447 | Vaults:4 | Reached XP level 21. HP: 167/167 MP: 39/39
 40384 | Elf:1    | Entered Level 1 of the Elven Halls
 41224 | Elf:1    | Reached skill level 16 in Invocations
 41269 | Elf:1    | Reached skill level 15 in Fighting
 41360 | Elf:1    | Reached skill level 15 in Shapeshifting
 41370 | Elf:1    | Paralysed by an air elemental for 1 turns
 41404 | Elf:1    | Paralysed by an air elemental for 1 turns
 41411 | Elf:1    | Found Learyuf's Book Emporium.
 41555 | Elf:1    | Paralysed by an air elemental for 1 turns
 42241 | Elf:2    | Found Ofoeceacs's General Store.
 42305 | Elf:2    | Found a runed translucent gate.
 42305 | Elf:2    | Found a runed translucent gate.
 42308 | Elf:2    | Found a runed translucent gate.
 42322 | Elf:2    | Found Maros's General Store.
 42355 | Elf:2    | Found Ubiuff's Jewellery Emporium.
 42388 | Elf:2    | Learned a level 5 spell: Summon Forest
 42435 | Elf:2    | Found Oqenluyq's Armour Shop.
 42437 | Elf:2    | Paralysed by an air elemental for 1 turns
 42441 | Abyss:2  | Cast into level 2 of the Abyss (a deep elf demonologist)
 42452 | Elf:2    | Escaped the Abyss
 42613 | Elf:2    | Reached skill level 15 in Short Blades
 42613 | Elf:2    | Reached skill level 15 in Long Blades
 42613 | Elf:2    | Reached skill level 15 in Axes
 42613 | Elf:2    | Reached skill level 15 in Maces & Flails
 42613 | Elf:2    | Reached skill level 15 in Polearms
 42613 | Elf:2    | Reached skill level 15 in Staves
 42613 | Elf:2    | Reached skill level 15 in Ranged Weapons
 42613 | Elf:2    | Reached skill level 15 in Throwing
 42613 | Elf:2    | Reached skill level 15 in Armour
 42613 | Elf:2    | Reached skill level 15 in Stealth
 42613 | Elf:2    | Reached skill level 15 in Shields
 42613 | Elf:2    | Reached skill level 15 in Spellcasting
 42613 | Elf:2    | Reached skill level 15 in Evocations
 42696 | Elf:2    | Paralysed by an air elemental for 1 turns
 42793 | Elf:2    | Noticed Roxanne
 42952 | Elf:2    | Killed Roxanne
 43020 | Elf:3    | Entered Level 3 of the Elven Halls
 43035 | Elf:3    | Found Hyirph's Jewellery Shoppe.
 43050 | Elf:3    | Bought the ring of the Zebra {rElec rF- Int+5 Dex-2 SInv}
                  | for 509 gold pieces
 43969 | Elf:2    | Noticed Donald
 43979 | Elf:2    | Killed Donald
 44150 | Elf:2    | Noticed Saint Roka
 44159 | Elf:2    | Reached XP level 22. HP: 152/176 MP: 25/41
 44170 | Elf:2    | Killed Saint Roka
 44637 | Elf:3    | Identified the ring of Riychuhu {*Corrode rC+ MP+9 Int+6
                  | SInv}
 44683 | Elf:3    | Identified the +5 shortbow "Fifoaf" {speed, rElec Will-
                  | rCorr MP+9}
 44701 | Elf:3    | Got Zisig's Hermeneutics, Part One
 44723 | Elf:3    | Identified the staff "Sakkilol" {rPois rC+ Int-3 Dex+5 Conj
                  | Ice}
 44771 | Elf:3    | Identified the ring of Pride {*Corrode rElec rPois Will+
                  | Str-5}
 44811 | Elf:3    | Identified the staff of Tuboschix {rN+ Will+ rCorr Dex+2
                  | Necro}
 44828 | Elf:3    | Learned a level 5 spell: Yara's Violent Unravelling
 45217 | Depths:1 | Entered Level 1 of the Depths
 45353 | Depths:1 | Found a runed translucent door.
 45360 | Depths:1 | Noticed a golden dragon
 45490 | Depths:1 | Found a gateway to Hell.
 45814 | Depths:1 | Found the +3 hat of Pondering {ponderous, Will+ MP+10
                  | Int+5}
 46174 | Depths:1 | Found a one-way gateway to a ziggurat.
 46852 | D:9      | Reached skill level 17 in Invocations
 46891 | D:9      | Killed PaiMei's ghost
 46924 | D:9      | Got the Anthology of Breezy Ensorcelling
 47112 | Crypt:1  | Entered Level 1 of the Crypt
 47154 | Crypt:1  | Noticed Bai Suzhen
 47169 | Crypt:1  | Killed Bai Suzhen
 47346 | Crypt:1  | Identified the +2 robe of Activism {rN+ Int+3}
 48321 | Orc:2    | Bought a manual of Air Magic for 960 gold pieces
 48756 | Crypt:2  | Reached XP level 23. HP: 184/184 MP: 42/42
 49130 | Crypt:3  | Entered Level 3 of the Crypt
 49193 | Crypt:3  | Noticed an ancient lich
 49204 | Crypt:3  | Killed an ancient lich
 49522 | Crypt:3  | Noticed a curse toe
 49531 | Crypt:3  | Killed a curse toe
 49592 | Crypt:3  | Got Khufu's Encyclopedia of Shadows
 50185 | Crypt:3  | Acquired 1128 gold pieces
 50210 | Crypt:3  | Found a staircase to the Tomb.
 50527 | Crypt:3  | Identified the ring "Kenok" {*Corrode rN+ Int+4 Dex+8}
 50527 | Crypt:3  | Identified the ring of Seeho {rN+ Str+4}
 50527 | Crypt:3  | Identified the ring "Towasost" {rC+ rN+ Str+3 Dex-4 Stlth+}
 50707 | Crypt:3  | Noticed a dread lich
 50708 | Crypt:3  | Found the +8 Wrath of Trog {antimagic, *Rage Rampage}
 50718 | Crypt:3  | Killed a dread lich
 50729 | Crypt:3  | Identified the +0 swamp dragon scales of Light {rPois rC+
                  | Str+5 Int+3 Dex-2}
 50859 | Tomb:1   | Entered Level 1 of the Tomb of the Ancients
 51470 | Depths:2 | Found Zorevvei's Magic Scroll Shop.
 51720 | Depths:2 | Identified the ring "Guly" {rElec rC- Will+ Int+4 Slay+4}
 51888 | Depths:2 | Reached XP level 24. HP: 193/193 MP: 43/43
 52166 | Depths:2 | Reached skill level 18 in Invocations
 52439 | Depths:2 | Found a one-way gate leading to the halls of Pandemonium.
 52493 | Depths:2 | You fall into a shaft and drop 1 floor!
 52662 | Depths:3 | Noticed a caustic shrike
 52676 | Depths:3 | Killed a caustic shrike
 52676 | Depths:3 | Noticed a caustic shrike
 52677 | Depths:3 | Reached skill level 15 in Air Magic
 52677 | Depths:3 | Noticed a caustic shrike
 52682 | Depths:3 | Killed a caustic shrike
 52684 | Depths:3 | Killed a caustic shrike
 52784 | Depths:3 | Paralysed by a sphinx for 2 turns
 52890 | Depths:3 | Found a sacrificial altar of Ru.
 52890 | Depths:3 | Found an opulent altar of Gozag.
 53095 | Depths:2 | Identified the +0 trident of Sunlight {venom, rElec}
 53461 | Depths:2 | Got the Incunabulum of Transforming Last Rites
 53469 | Depths:2 | Learned a level 5 spell: Borgnjor's Vile Clutch
 53608 | Depths:3 | Found a shadowy altar of Dithmenos.
 53651 | Depths:3 | Noticed a juggernaut
 53873 | Depths:3 | Killed a juggernaut
 54165 | Depths:3 | Learned a level 6 spell: Dispersal
 54294 | Depths:3 | Noticed a caustic shrike
 54300 | Depths:3 | Killed a caustic shrike
 54399 | Depths:3 | Identified the +1 long sword of Ipsoupix {venom, rF- rC++
                  | Dex+5}
 54401 | Depths:3 | Got Moingava's Handbook of the Metamorphic Tundra
 54412 | Depths:3 | Acquired the ring of Music {Fly rElec rN+ Int+6}
 54426 | Depths:3 | Identified the +1 pair of boots of Orthodoxy {rN+}
 54634 | Depths:3 | Noticed an ancient lich
 54662 | Depths:3 | Killed an ancient lich
 54663 | Depths:3 | Reached XP level 25. HP: 95/202 MP: 20/44
 55035 | Depths:3 | Learned a level 6 spell: Plasma Beam
 55042 | Depths:3 | Learned a level 6 spell: Death Channel
 55063 | Depths:4 | Entered Level 4 of the Depths
 55272 | Depths:4 | Found a gate to the Realm of Zot.
 55370 | Depths:4 | Found a stormy altar of Qazlal.
 55604 | Depths:4 | Found Iqai's Book Shop.
 55605 | Depths:4 | Found Ytsyib's Jewellery Shoppe.
 55606 | Depths:4 | Found Ruuhe's Book Shop.
 56204 | Depths:1 | Reached skill level 19 in Invocations
 56578 | Vaults:5 | Entered Level 5 of the Vaults
 56579 | Vaults:5 | Noticed a dread lich
 56592 | Vaults:5 | Reached skill level 15 in Conjurations
 56592 | Vaults:5 | Reached skill level 15 in Hexes
 56592 | Vaults:5 | Reached skill level 15 in Summonings
 56592 | Vaults:5 | Reached skill level 15 in Necromancy
 56592 | Vaults:5 | Reached skill level 15 in Translocations
 56592 | Vaults:5 | Reached skill level 15 in Fire Magic
 56592 | Vaults:5 | Reached skill level 15 in Ice Magic
 56592 | Vaults:5 | Reached skill level 15 in Earth Magic
 56592 | Vaults:5 | Reached skill level 15 in Alchemy
 56595 | Vaults:5 | Noticed an ancient lich
 56597 | Vaults:5 | Killed a dread lich
 56600 | Vaults:5 | Noticed an ancient lich
 56808 | Vaults:5 | Identified the orb of the Poles {light, rElec rPois rN+
                  | rCorr}
 56808 | Vaults:5 | Noticed Frederick
 56820 | Vaults:5 | Killed Frederick
 56858 | Vaults:5 | Killed an ancient lich
 56890 | Vaults:5 | Got a silver rune of Zot
 56916 | Vaults:5 | Reached XP level 26. HP: 184/211 MP: 11/44
 57066 | Vaults:5 | Found the ring of the Octopus King {HP+2 AC+2 EV+2 SH+2
                  | SInv}
 57070 | Vaults:5 | Identified the ring of Deot {EV+5 Str+5}
 57087 | Vaults:5 | Killed an ancient lich
 57097 | Vaults:5 | Identified the +0 orcbow "Ciumex" {heavy, ^Drain rC+
                  | Will+++ Int+3}
 57338 | Vaults:5 | Noticed an ancient lich
 57358 | Vaults:5 | Killed an ancient lich
 57378 | Vaults:5 | Noticed a dread lich
 57383 | Vaults:5 | Identified the +2 mace "Heotubbag" {freeze, *Noise rElec
                  | rC+ Dex+2}
 57416 | Vaults:5 | Killed a dread lich
 57607 | Vaults:5 | Identified the staff of Contention {rC+ rCorr Int+3 Dex-4
                  | Ice}
 57763 | Vaults:5 | Killed an ancient lich
 57917 | Vaults:5 | Identified the +3 arbalest "Jyisuh" {freeze, ^Drain +Blink
                  | rPois Str+5}
 57920 | Vaults:5 | Identified the +0 robe "Pirurrao" {Dex+5}
 58007 | Vaults:5 | Identified the +0 plate armour "Silat" {Str+3 Dex+3}
 58008 | Vaults:5 | Identified the +3 morningstar of the Thieving Asp {spect,
                  | rElec rF+ MP+9}
 58010 | Vaults:5 | Identified the +3 leather armour of Ostroot {rN+}
 58012 | Vaults:5 | Got the Tome of Gathered Sciomancy
 58261 | Vaults:5 | Learned a level 3 spell: Mephitic Cloud
 59059 | D:11     | You paid a toll of a +5 demon whip to enter a treasure
                  | trove
 59060 | Trove    | Entered a treasure trove
 59079 | Trove    | Identified the +5 morningstar "Umypimes" {venom, rElec
                  | Str+4}
 59091 | Trove    | Identified the ring "Nesin" {AC+4 Str+8 Int-3}
 59112 | D:11     | Acquired 1063 gold pieces
 59943 | Zot:1    | Entered Level 1 of the Realm of Zot
 60231 | Zot:1    | Got the Incunabulum of Injury
 60542 | Zot:1    | Reached skill level 20 in Invocations
 61567 | Zot:2    | Noticed Grunn
 61583 | Zot:2    | Reached XP level 27. HP: 113/219 MP: 15/45
 61996 | Zot:2    | Found a runed translucent gate.
 62026 | Zot:2    | Found a runed translucent gate.
 62027 | Zot:2    | Noticed Toelubet's ghost (veteran CeHu)
 62033 | Zot:2    | Found a runed translucent gate.
 62454 | Zot:2    | Killed Grunn
 64433 | Zot:2    | Killed Toelubet's ghost
 64562 | Hell     | Entered the Vestibule of Hell
 64562 | Hell     | Noticed Geryon
 65013 | Hell     | Killed Geryon
 65169 | Hell     | Found a gateway to the freezing wastes of Cocytus.
 65290 | Hell     | Found a gateway to the Iron City of Dis.
 65362 | Hell     | Found a gateway to the ashen valley of Gehenna.
 65497 | Hell     | Found a gateway to the decaying netherworld of Tartarus.
 65819 | Depths:3 | Voluntarily entered the Abyss.
 65819 | Abyss:2  | Found a corrupted altar of Lugonu.
 65841 | Abyss:3  | Found a corrupted altar of Lugonu.
 65905 | Abyss:3  | Found a corrupted altar of Lugonu.
 66102 | Abyss:3  | Got an abyssal rune of Zot
 66160 | Depths:3 | Escaped the Abyss
 66449 | Slime:1  | Entered Level 1 of the Pits of Slime
 66555 | Slime:1  | You are sucked into a shaft and drop 1 floor!
 66814 | Slime:1  | Gained mutation: You sometimes lose your temper in combat.
                  | [a shining eye]
 67516 | Slime:2  | Reached skill level 21 in Invocations
 67524 | Slime:2  | Gained mutation: You are frail. (-10% HP) [a shining eye]
 67582 | Slime:2  | Lost mutation: You occasionally lose the ability to read
                  | scrolls when taking damage. [potion of mutation]
 67582 | Slime:2  | Lost mutation: You sometimes lose your temper in combat.
                  | [potion of mutation]
 67582 | Slime:2  | Lost mutation: You are frail. (-10% HP) [potion of
                  | mutation]
 67582 | Slime:2  | Gained mutation: You have sharp toenails. [potion of
                  | mutation]
 68003 | Slime:2  | Found a viscous altar of Jiyva.
 68803 | Slime:4  | Learned a level 8 spell: Maxwell's Capacitive Coupling
 68811 | Slime:5  | Entered Level 5 of the Pits of Slime
 68867 | Slime:5  | Noticed the Royal Jelly
 68872 | Slime:5  | Killed the Royal Jelly
 68985 | Slime:5  | Identified the ring of the Giraffatuar {rElec rPois}
 68987 | Slime:5  | Got a slimy rune of Zot
 68989 | Slime:5  | Got the Parchment of Composition
 68991 | Slime:5  | Identified the +3 dagger of Funukla {heavy, Dex+5 SInv}
 69032 | Slime:5  | Identified the +6 orcbow of Havoc {drain, ^Drain Int+6}
 69170 | Slime:5  | Identified the +11 trident "Onautsick" {spect, rF- Int+4
                  | Stlth+}
 69190 | Slime:5  | Identified the ring "Diuwuypryi" {Fly rF- rN++ Str+4 Dex+3}
 69192 | Slime:5  | Identified the +5 dagger "Bierch" {freeze, rPois SInv}
 69291 | Slime:5  | Learned a level 5 spell: Freezing Cloud
 70263 | Zot:5    | Entered Level 5 of the Realm of Zot
 70405 | Zot:5    | Noticed an orb of fire
 70442 | Zot:5    | Gained mutation: You sometimes lose your temper in combat.
                  | [an orb of fire]
 70450 | Zot:5    | Killed an orb of fire
 70704 | Zot:5    | Noticed an orb of fire
 70709 | Zot:5    | Killed an orb of fire
 70716 | Zot:5    | Noticed an ancient lich
 70729 | Zot:5    | Killed an ancient lich
 70738 | Zot:5    | Noticed a dread lich
 70738 | Zot:5    | Noticed an orb of fire
 70764 | Zot:5    | Gained mutation: Your magical capacity is low. (-10% MP)
                  | [an orb of fire]
 70767 | Zot:5    | Gained mutation: You occasionally lose the ability to drink
                  | potions when taking damage. [an orb of fire]
 70769 | Zot:5    | Killed an orb of fire
 70778 | Zot:5    | HP: 6/224 [purple draconian shifter/bolt of dispelling
                  | energy[a white draconian stormcaller] (9)]
 70780 | Zot:5    | Noticed a dread lich
 70780 | Zot:5    | Killed from afar by a white draconian stormcaller

Illustrated notes

Levels and vault maps discovered:
D:1:      minmay_arrival_four_circles, layout_basic, serial_shops, shop
D:2:      layout_basic, basic_altar, uniq_robin
D:3:      layout_basic, uniq_grinder
D:4:      layout_cave_pods, mainiacjoe_overflow_small_starburst,
          minmay_temple_entry_stoned_glass,
          mainiacjoe_sewer_entry_somewhere_in_here_2
D:5:      layout_basic, kennysheep_slug_shrine
D:6:      layout_loops_ring, elyvilon_altar_4, nicolae_tso_besieged_by_evil,
          lightli_ossuary_entry_decrepit_ruins, serial_shops,
          nicolae_shop_just_a_little_nook, shop, shop_fountains, minmay_between
D:7:      layout_cave_pools, amcnicky_altar_gilded,
          gammafunk_temple_overflow_arena, grunt_decor_resistance,
          chequers_serial_rivers_small_a
D:8:      layout_basic, mainiacjoe_overflow_24_doors,
          eat_drink_and_be_merry_uskayaw, lemuel_crystal_altar, serial_shops,
          nicolae_shop_peninsula, uniq_erica
D:9:      layout_loops_corners, orc_0_dummy, serial_shops, shop_statue,
          gammafunk_ghost_abyssal_escape, roderic_filled_cross,
          kennysheep_pointless_box, nicolae_figureground_pulse
D:10:     layout_cave_pools, overflow_temple_1_default,
          due_lair_maze_entry_diamond, gammafunk_ghost_arena,
          serial_column_ruins, column_ruins_hut, column_ruins_hut,
          column_ruins_columns_corner, column_ruins_open_tiny,
          column_ruins_open_small_water, column_ruins_open_tiny,
          column_ruins_grid_1, uniq_urug
D:11:     layout_basic, enter_trove_5
D:12:     layout_grid_maze
D:13:     layout_rooms, david_vaults_2, minivault_27, lemuel_old_faithful
D:14:     layout_roguey, serial_aquarium, aquarium_bridge_square
          [aquarium_subvault_bridge, aquarium_subvault_bridge,
          aquarium_subvault_bridge, aquarium_subvault_bridge],
          aquarium_window_2, aquarium_window_2, aquarium_window_2,
          aquarium_view_2d, aquarium_view_2e
D:15:     grunt_enter_depths_hoard, layout_irregular_city, basic_altar
Temple:   nicolae_temple_godzebo
Lair:1:   layout_cave_pods, dpeg_stationary_puzzle, grunt_megastairs_2
Lair:2:   layout_small_grid, dummy_spider_entry, gauntlet_entry_generic,
          serial_bayou_shore_a
Lair:3:   layout_loops_ring, minmay_swamp_entry_worms, uniq_prince_ribbit2
Lair:4:   nzn_motion_control, layout_misc_corridors, ebering_ghost_xom
Lair:5:   minmay_lair_end_enchanted_forest, layout_regular_city,
          dpeg_slime_entry_enclosed, serial_bayou_crossing
Swamp:1:  layout_basic_swamp, evilmike_swamp_ruin_house_3, swamp_pool_3,
          nicolae_swamp_decorative_isthmus, infiniplex_staircase_pool
Swamp:2:  layout_falls_marsh, nicolae_swamp_small_spring, uniq_frances
Swamp:3:  layout_falls_marsh, nicolae_swamp_dense_foliage
Swamp:4:  grunt_swamp_rune_castle, layout_basic_swamp, uniq_mara
Spider:1: layout_spider_delve, uniq_aizul
Spider:2: layout_spider_delve, uniq_nikola, uniq_mlioglotl
Spider:3: layout_chambers, worms_lemuel
Spider:4: floodkiller_spider_rune_tomb, nicolae_spider_some_kinda_spiderbox,
          uniq_arachne
Slime:1:  nicolae_slime_infinislime, layout_caves,
          nicolae_slime_getting_an_eyeful
Slime:2:  layout_caves, basic_altar
Slime:3:  layout_caves, nicolae_slime_welcoming_committee
Slime:4:  layout_caves
Slime:5:  slime_pit_nicolae_jellycorners
Orc:1:    layout_diamond_mine, serial_shops,
          nicolae_shop_temple_entry_statues_fountains, basic_altar,
          minmay_shop_mayhem, okawaru_metal_pillars_1_2, uniq_harold
Orc:2:    st_orc_open, layout_caves, gammafunk_ghost_arena
Elf:1:    elf_arrival_001, layout_onion_city, serial_shops,
          nicolae_shop_peninsula, minivault_28
Elf:2:    elven_hall_of_blades_hangedman_original
          [nicolae_blade_entry_crossed_weapons], layout_onion_city,
          serial_shops, nicolae_shop_tiny_glass, nicolae_stop_n_shop_2, shop,
          shop, minmay_misc_feat_columns, uniq_roxanne, uniq_saint_roka,
          uniq_donald
Elf:3:    elf_hall_gauntlet_narrow, layout_onion_city, serial_shops,
          nicolae_shop_statue_plus
Vaults:1: hangedman_vaults_slice, vaults_dpeg_diagonal,
          nicolae_vaults_enemy_cabinets, vaults_standard_mumra_x, v_pattern_5,
          ontoclasm_vaults_eye, nicolae_vaults_trapezoid_4,
          nicolae_vaults_trapezoid_3, nicolae_vaults_oval_intersection,
          v_misc_15, hangedman_vaults_locks, nicolae_vaults_weapon_check,
          layout_vaults_ring, serial_shops, nicolae_shop_pleasant_corner_grove,
          uniq_asterion
Vaults:2: nicolae_vaults_trapezoid_layered, vaults_dpeg_ring,
          vaults_room_stairs_pillars, v_misc_11, nicolae_vaults_mitosis,
          v_misc_10, hangedman_vaults_stretched_pinwheel, ontoclasm_vaults_echo,
          ontoclasm_vaults_ligature, minmay_crypt_entry_simple_walls, v_misc_10,
          hangedman_vaults_capsules, nicolae_vaults_shelves_hall,
          nicolae_vaults_house_1, layout_vaults_big_cross
Vaults:3: v_misc_5, nicolae_vaults_thirteen_compartments, v_misc_2,
          nicolae_vaults_little_squares_6, v_misc_26,
          nicolae_vaults_network_periphery, ontoclasm_vaults_hangar,
          nicolae_vaults_trapezoid_2, ontoclasm_vaults_ring_small,
          nicolae_vaults_tetromino_T_1, nicolae_vaults_little_ls,
          layout_vaults_quadrants
Vaults:4: nicolae_vaults_more_shelving_2, nicolae_vaults_network_barrier,
          nicolae_vaults_storage_closets_2, nicolae_vaults_little_squares_1,
          v_misc_15, vaults_room_hallway, nicolae_vaults_cochlea,
          vaults_room_fours, nicolae_vaults_stepped_doors,
          nicolae_vaults_six-pack, nicolae_vaults_tetromino_L_2,
          nicolae_vaults_double_plus_1, nicolae_vaults_double_plus_1,
          nicolae_vaults_specimen_jars, layout_vaults_chaotic_city
Vaults:5: uniq_frederick
Crypt:1:  layout_gridlike, serial_sigils_hangedman_shear, uniq_bai_suzhen
Crypt:2:  layout_misc_corridors, nicolae_crypt_reliquary_box,
          nicolae_elevator_lobby_plus
Crypt:3:  due_elkab, layout_chaotic_city, tomb_entry_shell_bobbens
Tomb:1
Depths:1: minmay_skeleton_keep, layout_gridlike, enter_ziggurat_d,
          grunt_mini_vestibule, hangedman_decor_riveting,
          minmay_misc_feat_doors, chequers_hall_statues_y, lightli_gold_pyramid,
          firewood_loft
Depths:2: regret_index_all_hallows'_manor, layout_gridlike,
          infiniplex_staircase_zigzag_5, rand_demon_pan_entry_1,
          grunt_hell_entry_dis_old, nicolae_take_the_stairs
Depths:3: hangedman_slaughterboxes, abyss_entry, hell_entry, serial_shops
Depths:4: evilmike_zot_entry_basic, layout_basic, pf_vacation_house_of_asmodeus,
          hangedman_abyss_or_decor_jellyfish_corner,
          nicolae_qazlal_scattered_showers, serial_bayou_shore_b,
          serial_bayou_shore_b, serial_bayou_shore_b, minmay_shop_grove
Hell
Zot:1:    layout_cathedral_of_symmetry, grunt_megastairs_3
Zot:2:    layout_gridlike, ebering_ghost_rock_garden, uniq_grunn
Zot:3:    layout_misc_corridors, grunt_ministairs_11
Zot:4:    layout_misc_corridors
Zot:5:    layout_misc_corridors, hangedman_zot_gyre, st_stairs_9

Skill      XL: |  1  2  3  4  5  6  7  8  9 10 11 12 13 14 15 16 17 18 19 20 21 22 23 24 25 26 27 |
---------------+----------------------------------------------------------------------------------+-----
Invocations    | 1 2 3 4 5 6 8 9 10 11 12 13 14 15 16 17 18 19 20 21 | 21.5
Short Blades   | 1 2 3 4 5 6 7 9 10 11 12 13 14 15 16 17 18 19 | 19.9
Long Blades    | 1 2 3 4 5 6 7 9 10 11 12 13 14 15 16 17 18 19 | 19.9
Axes           | 1 2 3 4 5 6 7 9 10 11 12 13 14 15 16 17 18 19 | 19.9
Maces & Flails | 1 2 3 4 5 6 7 9 10 11 12 13 14 15 16 17 18 19 | 19.9
Polearms       | 1 2 3 4 5 6 7 9 10 11 12 13 14 15 16 17 18 19 | 19.9
Staves         | 1 2 3 4 5 6 7 9 10 11 12 13 14 15 16 17 18 19 | 19.9
Ranged Weapons | 1 2 3 4 5 6 7 9 10 11 12 13 14 15 16 17 18 20 | 20.2
Throwing       | 1 2 3 4 5 6 7 9 10 11 12 13 14 15 16 17 18 19 | 19.9
Armour         | 1 2 3 4 5 6 7 9 10 11 12 13 14 15 16 17 18 19 | 19.9
Stealth        | 1 2 3 4 5 6 7 9 10 11 12 13 14 15 16 17 18 19 | 19.9
Shields        | 1 2 3 4 5 6 7 9 10 11 12 13 14 15 16 17 18 19 | 19.9
Spellcasting   | 1 2 3 4 5 6 7 9 10 11 12 13 14 15 16 17 18 19 | 19.9
Evocations     | 1 2 3 4 5 6 7 9 10 11 12 13 14 15 16 17 18 19 | 19.9
Conjurations   | 1 2 3 4 5 6 7 8 9 10 11 12 13 14 15 17 | 17.0
Hexes          | 1 2 3 4 5 6 7 8 9 10 11 12 13 14 15 17 | 17.0
Summonings     | 1 2 3 4 5 6 7 8 9 10 11 12 13 14 15 17 | 17.0
Necromancy     | 1 2 3 4 5 6 7 8 9 10 11 12 13 14 15 17 | 17.0
Translocations | 1 2 3 4 5 6 7 8 9 10 11 12 13 14 15 17 | 17.3
Fire Magic     | 1 2 3 4 5 6 7 8 9 10 11 12 13 14 15 17 | 17.0
Ice Magic      | 1 2 3 4 5 6 7 8 9 10 11 12 13 14 15 17 | 17.0
Air Magic      | 1 2 3 4 5 6 7 8 9 10 11 12 13 14 15 16 17 19 | 19.8
Earth Magic    | 1 2 3 4 5 6 7 8 9 10 11 12 13 14 15 17 | 17.0
Alchemy        | 1 2 3 4 5 6 7 8 9 10 11 12 13 14 15 17 | 17.0
Fighting       | 3 4 5 6 7 8 9 10 11 12 13 14 15 16 17 18 20 | 20.1
Dodging        | 5 6 7 8 9 10 11 12 13 14 15 16 17 18 19 20 | 20.4
Unarmed Combat | 7 8 9 10 11 12 13 14 15 16 17 18 19 20 | 20.8
Shapeshifting  | 7 8 9 10 11 12 13 14 15 16 17 18 19 | 19.4

Action                     |  1- 3 |  4- 6 |  7- 9 | 10-12 | 13-15 | 16-18 | 19-21 | 22-24 | 25-27 || total
---------------------------+-------+-------+-------+-------+-------+-------+-------+-------+-------++-------
  Melee: Unarmed           |   137 |   230 |   415 |   597 |   932 |       |       |       |     9 ||  2320
         Bite              |     6 |    25 |    50 |    41 |   187 |   198 |   252 |   445 |   592 ||  1796
         Punch             |     1 |       |     7 |    15 |       |       |       |       |       ||    23
         War axe           |       |       |       |       |   624 |  1406 |  1260 |  1870 |  2236 ||  7396
  Throw: Dart              |       |       |       |       |    13 |       |       |       |       ||    13
         Boomerang         |       |       |       |       |     4 |    13 |       |     3 |     9 ||    29
   Cast: Summon Forest     |       |       |       |       |       |       |     3 |    10 |    18 ||    31
         Fugue of the Fall |       |       |       |       |       |       |     2 |     7 |     9 ||    18
         Yara's Violent Un |       |       |       |       |       |       |       |     2 |     3 ||     5
         Blink             |       |       |       |       |       |       |       |     2 |    10 ||    12
         Borgnjor's Vile C |       |       |       |       |       |       |       |     1 |     8 ||     9
         Vhi's Electric Ch |       |       |       |       |       |       |       |     1 |       ||     1
         Plasma Beam       |       |       |       |       |       |       |       |       |    20 ||    20
         Death Channel     |       |       |       |       |       |       |       |       |    26 ||    26
         Mephitic Cloud    |       |       |       |       |       |       |       |       |    17 ||    17
         Freezing Cloud    |       |       |       |       |       |       |       |       |     4 ||     4
         Maxwell's Capacit |       |       |       |       |       |       |       |       |     2 ||     2
         Manifold Assault  |       |       |       |       |       |       |       |       |     1 ||     1
 Invoke: Serpent's Lash    |       |       |       |     1 |     2 |     6 |       |     1 |     2 ||    12
         Heavenly Storm    |       |       |       |       |     3 |       |     3 |     5 |     2 ||    13
Ability: Lunge             |     2 |    22 |    41 |    40 |   100 |    78 |   138 |   139 |   219 ||   779
         Whirlwind         |       |    42 |    71 |   245 |   506 |   118 |   197 |   374 |   196 ||  1749
         Wall Jump         |       |       |       |       |     3 |     2 |       |       |       ||     5
  Evoke: Wand              |       |       |       |     1 |     4 |     2 |       |     1 |       ||     8
         Lightning rod     |       |       |       |       |     1 |    10 |     1 |       |     5 ||    17
         Sack of spiders   |       |       |       |       |       |     1 |       |       |     1 ||     2
         Tin of tremorston |       |       |       |       |       |       |       |       |     2 ||     2
         Horn of Geryon    |       |       |       |       |       |       |       |       |     1 ||     1
    Use: Scroll            |       |       |     6 |    14 |     4 |     6 |     3 |     3 |     8 ||    44
         Potion            |       |       |     1 |     1 |     1 |     5 |       |     1 |     6 ||    15
   Stab: Distracted        |       |       |     1 |       |       |     1 |     1 |     8 |    28 ||    39
         Petrified         |       |       |       |       |     3 |       |       |       |       ||     3
         Petrifying        |       |       |       |       |     1 |       |       |       |       ||     1
         Sleeping          |       |       |       |       |       |     3 |    20 |    19 |    25 ||    67
         Confused          |       |       |       |       |       |       |       |       |    23 ||    23
         Paralysed         |       |       |       |       |       |       |       |       |     1 ||     1
 Armour: Animal skin       |     4 |       |       |       |       |       |       |       |       ||     4
         Ring mail         |    13 |       |       |       |       |       |       |       |       ||    13
         Skin              |    48 |    49 |   106 |       |       |       |     2 |       |     5 ||   210
         Plate armour      |       |       |    26 |   477 |  1022 |  1658 |   687 |   865 |  1299 ||  6034
  Dodge: Dodged            |   120 |   179 |   211 |   146 |   361 |   616 |   316 |   354 |   591 ||  2894
  Block: Tower shield      |       |       |       |   118 |     9 |       |       |       |       ||   127
         Kite shield       |       |       |       |       |   782 |  1162 |   538 |   800 |  1122 ||  4404
Riposte: War axe           |       |       |       |       |       |       |   227 |   331 |   425 ||   983
   Form: Flux              |     2 |       |     2 |     2 |     1 |       |       |       |       ||     7
         Beast             |     1 |       |     1 |       |       |       |       |       |       ||     2
                           |       |       |     2 |     2 |     3 |     2 |     3 |       |     2 ||    14
         Blade             |       |       |       |       |     3 |     2 |     2 |       |     2 ||     9
         Statue            |       |       |       |       |       |       |     1 |       |     1 ||     2
         Dragon            |       |       |       |       |       |       |     1 |       |     1 ||     2
